 Dungeon Crawl Stone Soup version 0.31-a0-819-gf6de2f5ab6 (webtiles) character file.

Game seed: 4687494481963114237

105 qw the Shooter (level 4, 0/28 HPs)
             Began as a Gargoyle Hunter on Sept 23, 2023.
             Slain by a gnoll
             ... wielding a +0 halberd
              (7 damage)
             ... on level 3 of the Dungeon.
             The game lasted 00:00:45 (1820 turns).

qw the Shooter (Gargoyle Hunter)                    Turns: 1820, Time: 00:00:46

Health: 0/28       AC:  9    Str: 15    XL:     4   Next: 81%
Magic:  4/4        EV: 11    Int:  9    God:
Gold:   143        SH:  0    Dex: 15    Spells: 3/3 levels left

rFire   + . .        Y - +0 shortbow
rCold   + + .        (shield currently unavailable)
rNeg    + . .        h - +0 ring mail
rPois   inf          e - +0 helmet
rElec   +            f - scarf {rC+ rF+}
rCorr   .            (no gloves)
SInv    .            (no boots)
Will    +....        (no amulet)
Stlth   +            g - ring of protection from cold
HPRegen 0.24/turn    b - ring of willpower
MPRegen 0.09/turn

%: no passive effects
@: no status effects
A: sickness immunity, AC +3, negative energy resistance 1, electricity
resistance, torment resistance 1, petrification resistance
a: no special abilities


You were on level 3 of the Dungeon.
You visited 1 branch of the dungeon, and saw 3 of its levels.

You collected 143 gold pieces.


Innate Abilities, Weirdness & Mutations

You are immune to sickness and miasma.
Your stone body is resilient. (AC +3)
You are immune to poison.
You resist negative energy. (rN+)
You are resistant to electric shocks. (rElec)
You are resistant to unholy torment.
You are immune to petrification.


   Skills:
 - Level 3.0 Fighting
 + Level 5.5 Ranged Weapons
 - Level 1.0 Armour
 - Level 1.5 Dodging
 - Level 1.1 Stealth


You had 3 spell levels left.
You didn't know any spells.
Your spell library was empty.

Inventory:

Hand Weapons
 Y - a +0 shortbow (weapon)
Armour
 e - a +0 helmet (worn)
 f - a scarf of resistance (worn)
 h - a +0 ring mail (worn)
 j - a +1 ring mail of fire resistance
Jewellery
 b - a ring of willpower (right hand)
 g - a ring of protection from cold (left hand)
Scrolls
 d - a scroll of enchant armour {unknown}
 k - a scroll of vulnerability {unknown}
 l - a scroll of teleportation {unknown}
Potions
 a - a potion of haste {unknown}
 c - a potion of degeneration {unknown}
 i - a potion of ambrosia {unknown}

Dungeon Overview and Level Annotations

Branches:
Dungeon (3/15)

Altars:

Shops:
D:2 =


Message History

You hear a shout! x2
You shoot an arrow. The arrow closely misses the gnoll.
The gnoll hits you from afar with a +0 halberd!
A gnoll comes into view. It is wielding a +0 halberd.
You shoot an arrow. The arrow barely misses the gnoll. x2
The gnoll misses you.
You shoot an arrow.
The arrow hits the gnoll but does no damage.
The gnoll is lightly wounded.
The gnoll hits you from afar with a +0 halberd.
A gnoll comes into view. It is wielding a +1 vampiric spear.
Enter note:
1811 |||
Found retreat position at -1,0 (floor) with 0 blocking monsters and 2 monsters attacking at destination at distance 1
Enter note:
1811 ||| Stepping ~*~*~tactically~*~*~ (retreating).
You shoot an arrow. The arrow hits the gnoll.
The gnoll is heavily wounded.
The gnoll barely misses you.
You shoot an arrow. The arrow hits the gnoll!
You kill the gnoll!
You shoot an arrow. The arrow closely misses the gnoll.
The gnoll closely misses you.
You shoot an arrow.
The arrow hits the gnoll but does no damage.
The gnoll closely misses you. The gnoll barely misses you.
You shoot an arrow. The arrow closely misses the gnoll.
The gnoll hits you from afar with a +0 halberd.
You shoot an arrow. The arrow hits the gnoll.
The gnoll is lightly wounded.
The gnoll hits you from afar with a +0 halberd!
You shoot an arrow. The arrow hits the gnoll.
The gnoll is lightly wounded.
The gnoll hits you but does no damage.
You shoot an arrow. The arrow hits the gnoll!
The gnoll is severely wounded.
The gnoll hits you but does no damage.
You shoot an arrow. The arrow hits the gnoll.
The gnoll is almost dead.
The gnoll hits you from afar with a +0 halberd!
You die...

..........#
+#........#
#........#
+........#
#........# ###
####.##### gg
#.# .#
#.############g#
#...........@..#
################


You could see a gnoll.

Vanquished Creatures
  A gnoll (D:3)
  2 adders (D:3)
  3 dart slugs (D:2)
  9 ball pythons
  8 endoplasms
  6 giant cockroaches
  2 goblins (D:1)
  3 hobgoblins
  7 jackals
  4 quokkas
  4 bats
  3 frilled lizards
  5 kobolds (D:1)
  8 rats
65 creatures vanquished.

Notes
Turn   | Place    | Note
-------+----------+-------------------------------------------
     0 | D:1      | qw the Gargoyle Hunter began the quest for the Orb.
     0 | D:1      | Reached XP level 1. HP: 12/12 MP: 1/1
     0 | D:1      | 0 ||| qw: Version: 0.3-a-83-gcd0e7d8
     0 | D:1      | 0 ||| qw: Game counter: 1632
     0 | D:1      | 0 ||| qw: Melee chars always use a shield: true
     0 | D:1      | 0 ||| qw: God list: Okawaru
     0 | D:1      | 0 ||| qw: Allow faded altars: false
     0 | D:1      | 0 ||| qw: Do Orc after clearing Dungeon:15 true
     0 | D:1      | 0 ||| qw: Do second Lair branch before Depths: true
     0 | D:1      | 0 ||| qw: Lair rune preference: random
     0 | D:1      | 0 ||| qw: Goals: Normal
     0 | D:1      | 0 ||| PLANNING D:1-11
   113 | D:1      | Reached XP level 2. HP: 17/17 MP: 2/2
   207 | D:1      | Found a faded altar of an unknown god.
   299 | D:1      | Reached XP level 3. HP: 15/21 MP: 3/3
   400 | D:1      | Reached skill level 5 in Ranged Weapons
   846 | D:1      | 846 ||| UPGRADING to +0 helmet.
   851 | D:1      | 851 ||| UPGRADING to scarf of resistance.
   856 | D:1      | 856 ||| UPGRADING to +0 ring mail.
   866 | D:1      | 866 ||| DROPPING +0 leather armour.
   867 | D:1      | 867 ||| UPGRADING to ring of protection from cold.
   868 | D:1      | 868 ||| READING scroll labelled VELIFRIULEDGH.
   869 | D:1      | 869 ||| DROPPING scroll of butterflies.
   912 | D:2      | Found Gemeic's Jewellery Shop.
  1048 | D:2      | Reached skill level 1 in Armour
  1146 | D:2      | Reached skill level 3 in Fighting
  1146 | D:2      | Reached XP level 4. HP: 28/28 MP: 4/4
  1310 | D:2      | 1310 ||| SHOPLISTING +5 ring of evasion (504 gold, have
                  | 131).
  1310 | D:2      | 1310 ||| SHOPLISTING amulet of reflection (420 gold, have
                  | 131).
  1310 | D:2      | 1310 ||| SHOPLISTING ring "Toheips" {Wiz Slay+3} (694 gold,
                  | have 131).
  1310 | D:2      | 1310 ||| SHOPLISTING ring of protection from cold (350
                  | gold, have 131).
  1310 | D:2      | 1310 ||| SHOPLISTING ring of protection from fire (350
                  | gold, have 131).
  1310 | D:2      | 1310 ||| SHOPLISTING ring of see invisible (210 gold, have
                  | 131).
  1571 | D:2      | 1571 ||| UPGRADING to ring of willpower.
  1811 | D:3      | 1811 ||| Stepping ~*~*~tactically~*~*~ (retreating).
  1817 | D:3      | HP: 6/28 [gnoll/+0 halberd (8)]
  1820 | D:3      | Slain by a gnoll

Levels and vault maps discovered:
D:1:      spicycebolla_arrival_xxxplode, layout_loops_ring,
          chequers_ecumenical_altar_island, hangedman_abyss_or_decor_stabs,
          minmay_small_reverse_x
D:2:      layout_loops_ring, serial_shops, nicolae_shop_tiny_waterfront
D:3:      cheibrodos_thug_alley, layout_basic, amcnicky_altar_gilded,
          elyvilon_altar_5, serial_shops, shop, kennysheep_generic_room_8

Skill      XL: |  1  2  3 |
---------------+----------+-----
Ranged Weapons | 5 |  5.5
Armour         | 1 |  1.0
Fighting       | 3 |  3.0
Dodging        | |  1.5
Stealth        | |  1.1

Action                     |  1- 3 |  4- 6 || total
---------------------------+-------+-------++-------
   Fire: Shortbow          |   145 |    66 ||   211
    Use: Scroll            |     1 |       ||     1
 Armour: Leather armour    |    33 |       ||    33
         Ring mail         |     2 |    62 ||    64
  Dodge: Dodged            |    43 |    56 ||    99

Table legend:
 A = Non-vault XP
 B = Vault XP
 C = Vault XP percentage of total XP
 D = Non-vault monster count
 E = Vault monster count
 F = Vault count percentage of total count
                 A         B        C        D         E       F
            +---------+---------+-------+---------+---------+-------
      Total |     144 |       6 |   4.0 |      61 |       4 |   6.2
            +---------+---------+-------+---------+---------+-------
        D:1 |      57 |       6 |   9.5 |      35 |       4 |  10.3
        D:2 |      37 |       0 |   0.0 |      18 |       0 |   0.0
        D:3 |      50 |       0 |   0.0 |       8 |       0 |   0.0
            +---------+---------+-------+---------+---------+-------
